 Dungeon Crawl Stone Soup version 0.29-a0-517-gbdf32494f2 (webtiles) character file.

Game seed: 15713431482162535045

34 dolemite99 the Poker (level 3, -3/29 HPs)
             Began as a Demonspawn Fighter on May 30, 2022.
             Was a Plaything of Xom.
             Killed by nerve-wracking pain
             ... invoked by Grinder
              (12 damage)
             ... on level 3 of the Dungeon.
             The game lasted 00:01:05 (1849 turns).

dolemite99 the Poker (Demonspawn Fighter)           Turns: 1849, Time: 00:01:06

Health: -3/29      AC:  8    Str: 18    XL:     3   Next: 14%
Magic:  3/3        EV:  6    Int:  9    God:    Xom [..*...]
Gold:   97         SH:  4    Dex: 12    Spells: 2/2 levels left

rFire   . . .      SeeInvis .   a - +0 trident
rCold   . . .      Faith    .   c - +0 buckler
rNeg    . . .      Spirit   .   i - +0 chain mail
rPois   .          Reflect  .   (no helmet)
rElec   .          Harm     .   (no cloak)
rCorr   .          Rampage  .   (no gloves)
Will    .....                   (no boots)
Stlth   ..........              (no amulet)
HPRegen 0.09/turn               (no ring)
MPRegen 0.08/turn               (no ring)

@: mighty
A: hooves 1, ignite blood 1
a: Renounce Religion


You were on level 3 of the Dungeon.
You worshipped Xom.
You were a toy of Xom.
You visited 1 branch of the dungeon, and saw 3 of its levels.

You collected 97 gold pieces.

Inventory:

Hand Weapons
 a - a +0 trident (weapon)
Missiles
 p - a boomerang (quivered)
Armour
 b - a +0 scale mail
 c - a +0 buckler (worn)
 i - a +0 chain mail (worn)
Jewellery
 k - a ring of protection from cold
Scrolls
 e - 2 scrolls of fear {unknown}
 g - 2 scrolls of poison {unknown}
 j - 4 scrolls of identify {unknown}
 l - 2 scrolls of immolation {unknown}
 m - a scroll of blinking {unknown}
 n - a scroll of teleportation {unknown}
Potions
 f - 2 potions of invisibility {unknown}
 h - a potion of lignification {unknown}
 o - a potion of heal wounds {unknown}
 q - a potion of degeneration {unknown}
 r - a potion of ambrosia {unknown}


   Skills:
 - Level 3.0 Fighting
 + Level 3.3 Polearms
 - Level 2.6 Armour
 - Level 2.6 Shields


You had 2 spell levels left.
You didn't know any spells.
Your spell library contained the following spells:

 Spells                   Type           Power      Damage    Failure   Level
 Ensorcelled Hibernation  Hex/Ice        0%         N/A       100%        2
 Passwall                 Tmut/Erth      0%         N/A       100%        2
 Swiftness                Air            0%         N/A       100%        3


Dungeon Overview and Level Annotations

Branches:
Dungeon (3/15)

Altars:
Xom

Annotations:
D:3 Grinder


Innate Abilities, Weirdness & Mutations

You have large cloven feet.
Your demonic aura sometimes causes spilled blood to erupt in flames.


Message History

There is a stone staircase leading down here.
You climb downwards.
There is a stone staircase leading up here.
You open the door.
A rat comes into view.
The rat moves out of view.
Found a leather armour.
No target in view!
Found a robe.
There is an open door here.
A rat is nearby!
You reach to attack!
You hit the rat.
You kill the rat!
No target in view!
Found 19 gold pieces.
You see here a +0 leather armour.
Grinder comes into view.
Found a leather armour.
Grinder is nearby!
Grinder is nearby!
You feel very mighty all of a sudden. Grinder gestures at you.
You suddenly lose the ability to move!
You can move again.
Grinder blinks!
You puncture Grinder! Your kick misses Grinder.
Grinder is moderately wounded.
Grinder hits you!
You writhe in agony.
You closely miss Grinder. You kick Grinder.
Grinder is heavily wounded.
Grinder hits you.
You writhe in agony.
You puncture Grinder!
Grinder is almost dead.
Grinder hits you.
You closely miss Grinder.
Grinder is almost dead.
Grinder gestures at you. Pain shoots through your body!
You die...
Xom snickers!

# # #.# .#
####.##.#
#....... #.##.##
#####.....#
#....[.[..# ##
#........5###....
#........@.......
##'##.....###....
#.##.....# .
#.##.....#
#.##.....#
#.##.$...#
#.##.....# #####
#.##...[.# #..<#
#.##.....#


You could see Grinder.

Vanquished Creatures
  2 adders (D:2)
  An endoplasm (D:2)
  A giant cockroach (D:2)
  A hobgoblin (D:2)
  2 quokkas
  3 ball pythons
  2 bats (D:1)
  4 frilled lizards
  A goblin (D:2)
  A kobold (D:1)
  A rat (D:3)
19 creatures vanquished.

Notes
Turn   | Place    | Note
-------+----------+-------------------------------------------
     0 | D:1      | dolemite99 the Demonspawn Fighter began the quest for the
                  | Orb.
     0 | D:1      | Reached XP level 1. HP: 18/18 MP: 1/1
   514 | D:1      | Found a faded altar of an unknown god.
  1040 | D:1      | Prayed at the altar of an unknown god.
  1040 | D:1      | Became a worshipper of Xom the Tricky
  1070 | D:2      | Gained mutation: You have large cloven feet. [demonic
                  | ancestry]
  1070 | D:2      | Reached XP level 2. HP: 22/24 MP: 2/2
  1372 | D:2      | XOM: silly message
  1460 | D:2      | Gained mutation: Your demonic aura sometimes causes spilled
                  | blood to erupt in flames. [demonic ancestry]
  1460 | D:2      | Reached XP level 3. HP: 29/29 MP: 3/3
  1840 | D:3      | Noticed Grinder
  1842 | D:3      | Paralysed by Grinder for 2 turns
  1849 | D:3      | Killed from afar by Grinder

Illustrated notes

Levels and vault maps discovered:
D:1:      lemuel_arrival_funnel, layout_basic,
          shapermc_ecumenical_altar_totnotflames
D:2:      layout_loops_ring
D:3:      minmay_diamond_boxcup, layout_basic, nemelex_dance_club_becter,
          mainiacjoe_overflow_alcove_2, zin_academy, gammafunk_ghost_mausoleum,
          minmay_goblin_outpost, uniq_grinder, uniq_ijyb

Skill      XL: |  1  2 |
---------------+-------+-----
Polearms       | 2 3 |  3.3
Fighting       | |  3.0
Armour         | |  2.6
Shields        | |  2.6

Action                   || total
-------------------------++-------
Melee: Trident           ||    48
       Kick              ||     5
Throw: Boomerang         ||     9
  Use: Potion            ||     1
Armor: Chain mail        ||    22
       Scale mail        ||     2
Dodge: Dodged            ||    11
Block: Buckler           ||     8

Table legend: (Time is in decaauts)
 A = Elapsed time spent in this place.
 B = Non-inter-level travel time spent in this place.
 C = Inter-level travel time spent in this place.
 D = Time resting spent in this place.
 E = Time spent auto-exploring this place.
 F = Levels seen in this place.
 G = Mean time per level.
                   A        B        C        D        E       F      G
               +--------+--------+--------+--------+--------+-----+--------+
         Total |   1861 |   1764 |     97 |    143 |   1415 |   3 |  620.3 |
       Dungeon |   1861 |   1764 |     97 |    143 |   1415 |   3 |  620.3 |
               +--------+--------+--------+--------+--------+-----+--------+

Top non-repeatable levels by time:
     D:1: 1063 daAuts
     D:2: 762 daAuts
     D:3: 36 daAuts
